 Dungeon Crawl Stone Soup version 0.13-a0-3016-gcb2faac (webtiles) character file.

13018 Gabry the Basher (level 11, -9/93 HPs)
             Began as a Minotaur Fighter on Sept 10, 2013.
             Was a Follower of Elyvilon.
             Mangled by a hill giant
             ... wielding a +0,+0 giant spiked club
              (21 damage)
             ... on Level 3 of the Orcish Mines on Sept 11, 2013.
             The game lasted 01:22:46 (10206 turns).

Gabry the Basher (Minotaur Fighter)                Turns: 10206, Time: 01:22:46

HP  -9/93        AC 23     Str 25      XL: 11   Next: 61%
MP   4/5         EV  6     Int  8      God: Elyvilon [*.....]
Gold 692         SH 29     Dex 12      Spells:  0 memorised, 10 levels left

Res.Fire  : + . .   See Invis. : .   b - +4,+5 morningstar
Res.Cold  : + . .   Warding    : .   c - +2 plate armour
Life Prot.: + . .   Conserve   : .   I - +3 shield "Gumaehit" {MR+ Stlth++}
Res.Poison: .       Res.Corr.  : .   (helmet restricted)
Res.Elec. : .       Clarity    : .   v - +1 cloak
Sust.Abil.: . .     Spirit.Shd : .   y - +0 pair of gauntlets
Res.Mut.  : .       Stasis     : .   s - +2 pair of boots
Res.Rott. : .       Flight     : .   h - amulet "Prunaic" {Gourm rF+}
Gourmand  : +                        K - ring of Upoplynn {rC+ Str+3 Int+3}
                                     x - ring of positive energy

@: quite resistant to hostile enchantments, extremely unstealthy
A: retaliatory headbutt, horns 2
a: Lesser Healing, Lesser Self-Healing, Divine Protection, Renounce Religion


You were on level 3 of the Orcish Mines.
You worshipped Elyvilon.
Elyvilon was pleased with you.
You were not hungry.

You visited 3 branches of the dungeon, and saw 14 of its levels.

You collected 1035 gold pieces.
You spent 363 gold pieces at shops.

Inventory:

Hand weapons
 b - a +4,+5 morningstar (weapon)
 j - a +1,+0 orcish dagger
 D - a +5,+2 flail of crushing
 M - a +2,+3 dwarven dagger of speed (quivered)
Armour
 c - a +2 plate armour (worn)
 s - a +2 pair of boots (worn)
 v - a +1 cloak (worn)
 y - a +0 pair of gauntlets (worn)
 I - the +3 shield "Gumaehit" (worn) {MR+ Stlth++}
   (You bought it in a shop on level 8 of the Dungeon)

   It affects your resistance to hostile enchantments.
   It makes you much more stealthy.
 P - a +2 ring mail of poison resistance
Magical devices
 i - a wand of cold (1)
 m - a wand of slowing (13)
 p - a wand of enslavement (10)
Comestibles
 d - 8 bread rations
 t - 2 beef jerkies
 z - 5 cheeses
 F - 2 meat rations
Scrolls
 f - 3 scrolls of magic mapping
 g - 3 scrolls of blinking
 k - 2 scrolls of identify
 n - a scroll of fog
 r - 3 scrolls of amnesia
 u - a scroll of teleportation
 G - 5 scrolls of remove curse
Jewellery
 h - the amulet "Prunaic" (around neck) {Gourm rF+}
   (You found it on level 4 of the Dungeon)

   [amulet of the gourmand]

   It protects you from fire.
 x - a ring of positive energy (left hand)
 K - the ring of Upoplynn (right hand) {rC+ Str+3 Int+3}
   (You found it on level 9 of the Dungeon)

   [ring of protection from cold]

   It affects your strength (+3).
   It affects your intelligence (+3).
Potions
 e - 2 potions of magic {unknown}
 l - a potion of heal wounds
 q - 3 potions of restore abilities
 A - 4 potions of degeneration {unknown}
 B - 3 potions of might
 C - 2 potions of curing
 H - a potion of speed
 O - a potion of slowing {unknown}
Books
 a - a book of Wizardry

   Spells                             Type                      Level
   Summon Elemental                   Summoning                    4
   Agony                              Necromancy                   5
   Force Lance                        Conjuration                  5
   Fireball                           Conjuration/Fire             5
   Haste                              Charms                       6
   Invisibility                       Hexes                        6
 o - a book of Necromancy

   Spells                             Type                      Level
   Pain                               Necromancy                   1
   Animate Skeleton                   Necromancy                   1
   Lethal Infusion                    Charms/Necromancy            2
   Vampiric Draining                  Necromancy                   3
   Regeneration                       Charms/Necromancy            3
   Animate Dead                       Necromancy                   4
   Control Undead                     Necromancy                   4
   Elyvilon opposes the use of such an evil item.
 E - a book of Alchemy

   Spells                             Type                      Level
   Lethal Infusion                    Charms/Necromancy            2
   Sublimation of Blood               Necromancy                   2
   Condensation Shield                Ice                          4
   Alistair's Intoxication            Transmutation/Poison         4
   Petrify                            Transmutation/Earth          4
   Ignite Poison                      Fire/Transmutation           5
Magical staves
 J - an uncursed staff of fire
Miscellaneous
 L - a phial of floods


   Skills:
 + Level 9.4 Fighting
 + Level 11.8 Maces & Flails
 + Level 8.8 Armour
 + Level 9.1 Dodging
 + Level 1.8 Stealth
 + Level 11.1 Shields
 + Level 1.6 Evocations


You had 10 spell levels left.
You didn't know any spells.

Dungeon Overview and Level Annotations

Branches:
Dungeon (10/27)            Temple (1/1) D:5             Orc (3/4) D:10
    Elf: Orc:3-4       Lair: D:8-13

Altars:
Ashenzari
Cheibriados
Elyvilon
Fedhas
Kikubaaqudgha
Makhleb
Nemelex Xobeh
Okawaru
Sif Muna
Trog
Vehumet
Xom
Yredelemnul
Zin
the Shining One
Lugonu

Shops:
D:7 !   D:8 [


Innate Abilities, Weirdness & Mutations

You reflexively headbutt those who attack you in melee.
You have a pair of horns on your head.


Message History

The hill giant is severely wounded.
The hill giant hits you with a giant spiked club!
* * * LOW HITPOINT WARNING * * *
Your plate armour prevents you from hitting the hill giant.
You headbutt the hill giant!
The hill giant is almost dead.
You sock the orc!
You kill the orc!
The hill giant closely misses you.
You sock the orc priest! Your headbutt misses the orc priest.
The orc priest is heavily wounded.
The orc priest invokes the aid of Beogh against you.
Something smites you!
* * * LOW HITPOINT WARNING * * *
You closely miss the orc priest.
The orc priest is heavily wounded.
The orc priest invokes the aid of Beogh against you.
You resist.
The hill giant hits you with a giant spiked club!
You die...

#. ## ### ... # ##.###.#####....
. #...#...##........ ##
#.....##........##.. .# ###
##.#..@#............. .####.##
##...oCo.......$....# ..#....#
##...o................ .......##
##........[............
........###...................##.
.................................
.%...P...........................
##....)..................$.......
##...).(......(.................


You could see a hill giant, an orc warrior, an orc priest and an orc.

Vanquished Creatures
  Harold (D:10)
  Josephine (D:10)
  Erolcha (D:8)
  An unseen horror (D:10)
  Pikel (D:8)
  2 hill giants
  Joseph (D:8)
  A troll (D:9)
  A hydra skeleton (D:10)
  A wyvern (D:9)
  3 yaks (D:10)
  Eustachio (Orc:1)
  2 hippogriffs
  Edmund (Orc:1)
  3 orc warriors
  A necrophage (D:7)
  3 phantoms
  5 humans
  A swamp drake (D:10)
  3 ice beasts
  2 slaves (D:8)
  A griffon simulacrum (D:10)
  5 centaurs
  7 ogres
  6 sky beasts
  A warg (Orc:1)
  Blork the orc (D:6)
  A cyclops skeleton (D:9)
  4 giant frogs
  11 killer bees
  A troll zombie (D:10)
  11 wights
  A jelly (D:7)
  A troll skeleton (D:10)
  5 goliath beetles
  4 quasits
  A giant frog zombie (D:10)
  4 crimson imps
  9 hounds
  2 lava snakes (Orc:3)
  A basilisk zombie (D:10)
  9 orc priests
  4 scorpions
  An iguana (D:10)
  5 orc wizards
  6 worker ants
  4 sheep (D:7)
  A mottled dragon zombie (D:10)
  Terence (D:2)
  A killer bee simulacrum (D:10)
  8 gnolls
  10 adders
  An inept feature mimic (D:4)
  5 worms
  An iguana skeleton (D:4)
  2 giant eyeballs
  66 orcs
  2 bat skeletons
  5 giant cockroaches
  15 hobgoblins
  14 kobolds
  3 quokkas
  A ball python (D:3)
  9 bats
  A giant cockroach zombie (D:6)
  5 giant geckos
  A giant gecko skeleton (D:5)
  4 giant newts
  A giant spore (D:8)
  9 goblins
  A goblin skeleton (D:4)
  A goblin zombie (D:5)
  A hobgoblin skeleton (D:7)
  A kobold skeleton (D:6)
  An orc skeleton (D:5)
  2 orc zombies
  11 rats
  2 ballistomycetes (D:8)
328 creatures vanquished.

Vanquished Creatures (others)
  2 slaves (D:8)
  A human (D:10)
  A fungus (D:8)
4 creatures vanquished.

Grand Total: 332 creatures vanquished

Notes
Turn   | Place    | Note
--------------------------------------------------------------
     0 | D:1      | Gabry, the Minotaur Fighter, began the quest for the Orb.
     0 | D:1      | Reached XP level 1. HP: 19/19 MP: 0/0
   130 | D:1      | Reached XP level 2. HP: 15/26 MP: 0/0
   260 | D:1      | Reached skill level 4 in Fighting
   575 | D:2      | Found a glowing golden altar of the Shining One.
   576 | D:2      | Noticed an angel
   582 | D:2      | Became a worshipper of the Shining One
   601 | D:2      | Found a basalt altar of Yredelemnul.
   602 | D:2      | Noticed a profane servitor
   719 | D:2      | Noticed Terence
   736 | D:2      | Killed Terence
   736 | D:2      | Reached XP level 3. HP: 18/33 MP: 1/1
   912 | D:2      | Reached skill level 1 in Dodging
  1224 | D:3      | Reached XP level 4. HP: 37/40 MP: 1/1
  1317 | D:3      | Found a blossoming altar of Fedhas.
  1749 | D:3      | Reached XP level 5. HP: 41/46 MP: 1/1
  2464 | D:4      | Got a transparent sapphire amulet
  2467 | D:4      | Identified the amulet "Prunaic" {Gourm rF+} (You found it on level 4 of the Dungeon)
  2567 | D:4      | Found a shattered altar of Ashenzari.
  2567 | D:4      | Found a snail-covered altar of Cheibriados.
  2568 | D:4      | Found a white marble altar of Elyvilon.
  2579 | D:4      | Reached skill level 5 in Shields
  2593 | D:4      | Fell from the grace of the Shining One
  2593 | D:4      | Became a worshipper of Elyvilon the Healer
  2858 | D:5      | Entered Level 5 of the Dungeon
  2881 | D:5      | Reached XP level 6. HP: 51/53 MP: 2/2
  2902 | D:5      | Noticed a sky beast
  2907 | D:5      | Killed a sky beast
  2907 | D:5      | Reached skill level 5 in Fighting
  2907 | D:5      | Reached skill level 5 in Armour
  2920 | D:5      | Found a staircase to the Ecumenical Temple.
  2925 | Temple   | Entered the Ecumenical Temple
  3428 | D:5      | Acquired Elyvilon's first power
  3575 | D:5      | Reached skill level 1 in Stealth
  3575 | D:5      | Reached XP level 7. HP: 35/60 MP: 2/2
  4001 | D:6      | Noticed Blork the orc
  4008 | D:6      | Reached skill level 6 in Shields
  4015 | D:6      | Reached skill level 5 in Maces & Flails
  4029 | D:6      | Killed Blork the orc
  4087 | D:6      | Arma epica, serve stone to mud
  4153 | D:6      | Reached XP level 8. HP: 59/68 MP: 2/2
  4303 | D:6      | Reached skill level 5 in Dodging
  4621 | D:7      | Reached skill level 7 in Shields
  4629 | D:7      | Found Duafesm's Distillery.
  4655 | D:7      | Bought a potion of might for 40 gold pieces
  4655 | D:7      | Bought a potion of heal wounds for 48 gold pieces
  5032 | D:7      | Paralysed by a giant eyeball for 3 turns
  5086 | D:7      | Found a blossoming altar of Fedhas.
  5225 | D:7      | Reached XP level 9. HP: 52/75 MP: 3/3
  5454 | D:7      | Found a sparkling altar of Nemelex Xobeh.
  5584 | D:7      | Reached skill level 8 in Maces & Flails
  5876 | D:8      | Noticed Erolcha
  5895 | D:8      | Killed Erolcha
  6219 | D:8      | Noticed Joseph
  6266 | D:8      | Killed Joseph
  6266 | D:8      | Reached skill level 9 in Maces & Flails
  6279 | D:8      | Noticed Pikel
  6292 | D:8      | Killed Pikel
  6292 | D:8      | Reached skill level 1 in Evocations
  6292 | D:8      | Reached XP level 10. HP: 74/84 MP: 3/4
  6313 | D:8      | Found Frow's Antique Armour Shop.
  6352 | D:8      | Bought a crude shield for 275 gold pieces
  6368 | D:8      | Identified the +3 shield "Gumaehit" {MR+ Stlth++} (You bought it in a shop on level 8 of the Dungeon)
  6855 | D:9      | Found a deep blue altar of Sif Muna.
  6969 | D:9      | Got a glittering granite ring
  6978 | D:9      | Identified the ring of Upoplynn {rC+ Str+3 Int+3} (You found it on level 9 of the Dungeon)
  7001 | D:9      | Found a blossoming altar of Fedhas.
  7254 | D:9      | Found an iron altar of Okawaru.
  7436 | D:9      | Reached skill level 10 in Maces & Flails
  7864 | D:10     | Entered Level 10 of the Dungeon
  7868 | D:10     | Paralysed by a giant eyeball for 2 turns
  7884 | D:10     | Noticed Josephine
  7900 | D:10     | Killed Josephine
  7900 | D:10     | Reached skill level 10 in Shields
  8178 | D:10     | Noticed a hill giant
  8189 | D:10     | Killed a hill giant
  8189 | D:10     | Reached XP level 11. HP: 70/92 MP: 5/5
  8262 | D:10     | Killed an unseen horror
  8262 | D:10     | Reached skill level 11 in Maces & Flails
  8288 | D:10     | Found an iron altar of Okawaru.
  8546 | D:10     | Found an ancient bone altar of Kikubaaqudgha.
  8577 | D:10     | Noticed Harold
  8596 | D:10     | Killed Harold
  8843 | D:10     | Found a staircase to the Orcish Mines.
  9270 | Orc:1    | Entered Level 1 of the Orcish Mines
  9441 | Orc:1    | Noticed Edmund
  9449 | Orc:1    | Killed Edmund
  9504 | Orc:1    | Noticed Eustachio
  9514 | Orc:1    | Killed Eustachio
  9964 | Orc:3    | Noticed a hill giant
  9978 | Orc:3    | Killed a hill giant
 10182 | Orc:3    | Noticed a hill giant
 10206 | Orc:3    | Mangled by a hill giant

Action                   |  1- 3 |  4- 6 |  7- 9 | 10-12 || total
-------------------------+-------+-------+-------+-------++-------
Melee: Mace              |    85 |       |       |       ||    85
       Morningstar       |    29 |   140 |   256 |   518 ||   943
Invok: Lesser Self-Heali |       |       |       |     1 ||     1
Evoke: Wand              |       |       |     6 |     5 ||    11
  Use: Scroll            |       |    17 |     9 |    11 ||    37
       Potion            |       |     3 |       |     2 ||     5
